Map: Dusk Towers

Players

ManTaZa

  • Race: Protoss Protoss
  • League: Master

Miszu - Winner!

  • Race: Terran Terran
  • League: Master

VOD

Have the link to the VOD?

Description

Time

  • Played on: April 25, 2016, 4:49 p.m.
  • Length: 10:18
Show
View Real Time Build Order
Export as new Build Order

ManTaZa Protoss 

Build Orders: 1 Gate Expand, Blink Stalkers, Zealot Archon 

Get SALT Encoding   

  12  0:01  Probe (Chrono Boost)  
  13  0:11  Probe (Chrono Boost)  
  14  0:18  Pylon  
  14  0:22  Probe (Chrono Boost)  
  15  0:36  Gateway, Probe (Chrono Boost)  
  16  0:45  Assimilator  
  16  0:46  Probe (Chrono Boost)  
  17  0:57  Probe (Chrono Boost)  
  18  1:08  Probe (Chrono Boost)  
  19  1:22  Probe (Chrono Boost)  
  19  1:23  Nexus  
  20  1:36  Cybernetics Core, Probe (Chrono Boost)  
  21  1:43  Assimilator  
  22  1:47  Probe (Chrono Boost)  
  22  1:53  Pylon  
  22  1:58  Probe (Chrono Boost)  
  23  2:12  Adept  
  23  2:13  Warp Gate  
  23  2:14  Probe (Chrono Boost)  
  26  2:26  Twilight Council  
  26  2:27  Probe (Chrono Boost)  
  27  2:42  Mothership Core (Chrono Boost)  
  29  2:53  Nexus  
  29  2:59  Pylon  
  29  3:06  Probe x2 (Chrono Boost)  
  31  3:16  Probe (Chrono Boost)  
  31  3:17  Blink  
  31  3:19  Probe (Chrono Boost)  
  34  3:27  Probe (Chrono Boost)  
  34  3:30  Probe (Chrono Boost)  
  35  3:37  Probe (Chrono Boost)  
  35  3:38  Gateway  
  36  3:41  Gateway  
  36  3:44  Probe (Chrono Boost)  
  36  3:48  Probe (Chrono Boost)  
  38  3:55  Robotics Facility  
  38  3:58  Probe (Chrono Boost)  
  38  4:02  Pylon  
  39  4:06  Probe x2 (Chrono Boost)  
  39  4:09  Probe (Chrono Boost)  
  42  4:14  Assimilator  
  42  4:15  Pylon  
  42  4:17  Probe (Chrono Boost)  
  42  4:19  Probe (Chrono Boost)  
  42  4:22  Stalker  
  46  4:24  Probe (Chrono Boost)  
  46  4:31  Assimilator  
  47  4:32  Probe (Chrono Boost)  
  47  4:35  Stalker  
  47  4:36  Stalker  
  47  4:38  Probe (Chrono Boost)  
  53  4:44  Probe (Chrono Boost)  
  54  4:46  Pylon  
  54  4:48  Observer  
  54  4:51  Probe x2 (Chrono Boost)  
  57  4:55  Pylon, Probe (Chrono Boost)  
  58  5:01  Probe (Chrono Boost)  
  58  5:02  Probe (Chrono Boost)  
  58  5:05  Probe (Chrono Boost)  
  61  5:10  Stalker x3  
  61  5:13  Observer  
  68  5:15  Forge  
  68  5:20  Gateway  
  68  5:24  Gateway  
  68  5:29  Gateway  
  68  5:34  Pylon  
  69  5:35  Observer  
  69  5:39  Stalker  
  69  5:40  Stalker  
  73  5:43  Stalker  
  73  5:45  Probe (Chrono Boost)  
  73  5:48  Probe (Chrono Boost)  
  73  5:49  Pylon  
  77  6:00  Probe x3  
  78  6:13  Stalker x3, Probe  
  78  6:14  Probe  
  78  6:17  Observer  
  83  6:24  Probe x2  
  82  6:27  Probe  
  82  6:29  Gateway x2  
  82  6:30  Pylon  
  84  6:33  Templar Archives  
  84  6:34  Probe x2  
  88  6:44  Protoss Ground Weapons Level 1 (Chrono Boost)  
  88  6:48  Adept x2  
  88  6:49  Adept x2  
  88  6:50  Adept  
  98  6:54  Assimilator  
  98  6:58  Stalker, Assimilator  
  100  7:06  Resonating Glaives  
  99  7:10  High Templar x2  
  99  7:15  Stalker x2  
  99  7:20  Archon  
  99  7:21  Warp Prism  
  87  7:38  Pylon  
  87  7:40  Stalker  
  87  7:41  Stalker x3, Pylon  
  87  7:42  Probe x2  
  87  7:44  Probe  
  94  7:52  Adept x2  
  94  7:53  Probe x2  
  94  7:56  Probe  
  94  7:57  Pylon  
  101  8:03  Probe  
  97  8:08  Pylon, Probe  
  97  8:11  Psionic Storm  
  98  8:15  Stalker x2  
  98  8:18  Nexus  
  98  8:19  Stalker  
  104  8:20  Pylon  
  104  8:24  Adept x2  
  108  8:28  Protoss Ground Armor Level 1 (Chrono Boost)  
  98  8:42  Stalker x3  
  92  8:59  Adept x2  
  92  9:00  Adept  
  75  9:27  Observer  
  75  9:31  Probe  
  77  9:32  Probe  
Show
View Real Time Build Order
Export as new Build Order

Miszu Terran - Winner!

Build Orders: Command Center First (CC), MMM Bio 

Get SALT Encoding   

  12  0:00  SCV  
  13  0:13  SCV  
  14  0:17  Supply Depot  
  14  0:25  SCV  
  15  0:39  SCV  
  16  0:51  SCV  
  17  1:00  Command Center  
  17  1:03  SCV  
  18  1:15  SCV  
  18  1:16  Barracks  
  19  1:27  SCV  
  19  1:29  Barracks  
  20  1:39  SCV  
  21  1:42  Barracks  
  21  1:51  SCV  
  22  2:04  Marine, Orbital Command  
  23  2:11  Orbital Command  
  23  2:17  Marine  
  23  2:22  Marine  
  25  2:29  SCV  
  26  2:33  Marine, Refinery x2  
  26  2:35  Marine  
  26  2:37  SCV  
  29  2:40  Marine  
  29  2:42  SCV  
  31  2:49  SCV  
  31  2:50  Marine  
  33  2:51  Supply Depot  
  33  2:54  SCV  
  33  2:58  Marine  
  34  3:01  SCV  
  34  3:03  Barracks Tech Lab  
  36  3:06  SCV  
  36  3:08  Marine  
  38  3:13  SCV  
  38  3:15  Supply Depot  
  38  3:16  Marine  
  38  3:18  SCV  
  41  3:21  Marine  
  41  3:22  Stimpack  
  41  3:25  SCV  
  43  3:27  Marine  
  43  3:30  SCV  
  43  3:34  Supply Depot, Marine  
  45  3:37  SCV  
  47  3:42  Factory, SCV  
  47  3:48  Refinery  
  48  3:49  SCV  
  48  3:51  Marine  
  48  3:52  Engineering Bay, Marine  
  48  3:54  SCV  
  52  3:59  Supply Depot  
  52  4:01  SCV  
  52  4:02  Marine  
  54  4:06  SCV  
  54  4:09  Marine x2  
  56  4:13  SCV  
  58  4:18  SCV  
  58  4:23  Barracks  
  60  4:24  Barracks  
  60  4:25  Starport, Factory Reactor  
  60  4:26  SCV  
  60  4:28  Barracks Reactor  
  60  4:29  Barracks Tech Lab  
  60  4:31  Marauder, SCV  
  63  4:35  Terran Infantry Weapons Level 1  
  63  4:38  SCV  
  64  4:43  Supply Depot, SCV  
  65  4:48  Refinery  
  65  4:49  Marauder  
  65  4:50  SCV  
  68  4:54  Marauder  
  70  5:04  SCV x2  
  72  5:07  Supply Depot, Factory Reactor  
  72  5:10  Supply Depot, Medivac x2  
  72  5:13  Barracks Tech Lab  
  76  5:14  Marine x2  
  78  5:28  SCV x2  
  78  5:34  Command Center  
  81  5:35  Barracks Reactor  
  81  5:36  Marine x2  
  81  5:37  Marauder x2  
  81  5:40  Supply Depot, SCV x2  
  88  5:44  Medivac x2  
  88  5:45  Marine  
  93  5:55  Widow Mine  
  93  5:56  Supply Depot, Widow Mine  
  94  6:01  Marine, Concussive Shells  
  94  6:02  Marauder, Combat Shields  
  97  6:05  Marauder  
  97  6:10  Supply Depot  
  85  6:26  Marine x2  
  85  6:27  Marine, Marauder x3  
  94  6:37  Widow Mine  
  94  6:38  Widow Mine  
  94  6:39  Medivac x2  
  102  6:41  SCV x2  
  102  6:44  Supply Depot  
  102  6:45  Orbital Command  
  104  6:48  Marauder x2  
  104  6:53  SCV x2  
  110  6:54  Marine x2  
  110  6:55  Marine x2, Marauder  
  116  7:02  Terran Infantry Armor Level 1  
  116  7:05  SCV x2  
  118  7:09  Marine x2  
  118  7:16  Marauder  
  118  7:17  SCV  
  118  7:21  Marine  
  118  7:22  Marine  
  123  7:27  Marauder  
  123  7:28  Marauder  
  122  7:31  Marine x2  
  122  7:35  Widow Mine x2  
  122  7:36  Medivac x2  
  128  7:37  Marauder  
  128  7:39  Marine  
  128  7:40  Marine  
  125  7:49  Marauder x2  
  125  7:51  Marine  
  129  7:53  Command Center  
  130  7:58  Engineering Bay  
  130  7:59  Marauder, Armory  
  130  8:01  Marine x3  
  130  8:03  Widow Mine  
  137  8:06  Medivac x2  
  141  8:24  Marauder  
  141  8:26  Marine x2  
  141  8:27  Marine  
  141  8:33  Marine  
  140  8:36  Marauder  
  140  8:37  Supply Depot  
  140  8:38  Supply Depot  
  140  8:39  Supply Depot  
  140  8:40  Hellion, Marauder, Widow Mine  
  141  8:49  Marine  
  141  8:51  Marine, Marauder  
  141  8:55  Medivac  
  137  8:56  Marine x2  
  137  8:58  Marauder  
  137  9:00  Widow Mine  
  137  9:01  Marauder  
  140  9:07  Reaper  
  140  9:08  Marine  
  140  9:09  Widow Mine  
  141  9:12  Marauder  
  138  9:19  Marauder  
  138  9:21  Marine x2  
  138  9:23  Marauder  
  140  9:26  Marine, Barracks  
  140  9:27  Barracks  
  140  9:29  Barracks, Widow Mine  
  143  9:34  Marauder  
  145  9:39  Marine  
  145  9:41  Marauder  
  145  9:44  Marauder  
  146  9:55  Marauder  
Tags
 
Add a new tag
Caveats
  • Supply blocks, unpowered buildings, or Contaminate may cause inaccurate times.
  • Supply counts are checked every 10 seconds.